 Dungeon Crawl Stone Soup version 0.18.1-48-g4cf74bf (webtiles) character file.

348 dorian the Slasher (level 6, -3/39 HPs)
             Began as a High Elf Skald on Aug 30, 2016.
             Slain by a worker ant (6 damage)
             ... on level 4 of the Dungeon.
             The game lasted 00:07:06 (3002 turns).

dorian the Slasher (High Elf Skald)                 Turns: 3002, Time: 00:07:07

Health: -3/39      AC:  4    Str: 13    XL:     6   Next: 33%
Magic:  6/10       EV: 13    Int: 16    God:
Gold:   148        SH:  0    Dex: 15    Spells: 2 memorised, 6 levels left

rFire  . . .     SeeInvis .     p - +0 lajatang (elec)
rCold  . . .     Gourm    .     b - +0 leather armour
rNeg   . . .     Faith    .     (shield currently unavailable)
rPois  .         Spirit   .     (no helmet)
rElec  .         Dismiss  .     (no cloak)
rCorr  .         Reflect  .     o - +0 pair of gloves
SustAt .         Harm     .     (no boots)
MR     .....                    (no amulet)
Stlth  +.........               (no ring)
                                (no ring)

@: lethally poisoned (-3 -> -7), infused (expiring), hasted, very quick, not
resistant to hostile enchantments, very unstealthy
A: no striking features
a: no special abilities


You were on level 4 of the Dungeon.
You were hungry.

You visited 1 branch of the dungeon, and saw 4 of its levels.

You collected 148 gold pieces.

Inventory:

Hand Weapons
 a - a +0 falchion
 p - a +0 lajatang of electrocution (weapon)
   (You found it on level 3 of the Dungeon)
 u - a +0 short sword of speed
   (You found it on level 3 of the Dungeon)
Missiles
 h - 3 javelins (quivered)
Armour
 b - a +0 leather armour (worn)
 o - a +0 pair of gloves (worn)
   (You found it on level 2 of the Dungeon)
Jewellery
 j - a +2 ring of dexterity {unknown}
   (You found it on level 2 of the Dungeon)
Scrolls
 c - 4 scrolls of identify {unknown}
 f - 2 scrolls of teleportation {unknown}
 l - a scroll of immolation {unknown}
 q - 2 scrolls of enchant weapon {unknown}
 s - a scroll of fog {unknown}
Potions
 i - a potion of brilliance {unknown}
 k - a potion of resistance {unknown}
 m - a potion of mutation {unknown}
 n - a potion of degeneration {unknown}
 r - a potion of invisibility {unknown}
Books
 A - a book of Battle

   Spells                             Type                      Level
   a - Infusion                       Charms                       1
   b - Shroud of Golubria             Charms/Translocation         2
   c - Song of Slaying                Charms                       2
   d - Spectral Weapon                Hexes/Charms                 3
   e - Regeneration                   Charms/Necromancy            3
Comestibles
 d - 5 bread rations
 t - a royal jelly
 v - a meat ration
 Z - 4 chunks of flesh


   Skills:
 - Level 2.0 Fighting
 * Level 6.2 Long Blades
 - Level 0.8 Armour
 + Level 3.9 Dodging
 - Level 2.4 Spellcasting
 + Level 4.6 Charms


You had 6 spell levels left.
You knew the following spells:

 Your Spells              Type           Power        Failure   Level  Hunger
a - Infusion              Chrm           ###.         4%          1    #......
b - Shroud of Golubria    Chrm/Tloc      #.........   17%         2    ###....


Dungeon Overview and Level Annotations

Branches:
Dungeon (4/15)
 Temple: D:4-7

Altars:
Gozag


Message History

Eustachio is severely wounded.
The bat closely misses you. The bat barely misses you.
The worker ant barely misses you. Eustachio hits you with a rapier.
The bat closely misses you. The worker ant bites you.
Eustachio mumbles some strange words.
Eustachio blinks!
You hit Eustachio.
Eustachio is almost dead.
The bat hits you but does no damage. The worker ant closely misses you.
Eustachio hits you with a rapier.
* * * LOW HITPOINT WARNING * * *
The worker ant bites you.
* * * LOW HITPOINT WARNING * * *
You hit Eustachio.
There is a sudden explosion of sparks!
You kill Eustachio!
Your Long Blades skill increases to level 6!
You have reached level 6!
Your experience leads to an increase in your attributes!
Increase (S)trength, (I)ntelligence, or (D)exterity?
You feel stronger.
You feel agile.
The shadow imp disappears in a puff of smoke!
The worker ant bites you.
* * * LOW HITPOINT WARNING * * *
You are poisoned.
The worker ant poisons you!
Your leather armour prevents you from hitting the worker ant.
You feel sick.
The worker ant bites you but does no damage.
The worker ant bites you.
* * * LOW HITPOINT WARNING * * *
You hit the worker ant but do no damage.
You feel sick. The worker ant bites you.
* * * LOW HITPOINT WARNING * * *
You are lethally poisoned!
The worker ant poisons you! The worker ant closely misses you.
Drink which item? (? for menu, Esc to quit)
It was a potion of curing.
You feel better. The worker ant bites you.
* * * LOW HITPOINT WARNING * * *
You are poisoned.
The worker ant poisons you!
You barely miss the worker ant.
Your magical infusion is running out.
You feel sick. The worker ant bites you.
* * * LOW HITPOINT WARNING * * *
The worker ant barely misses you.
Drink which item? (? for menu, Esc to quit)
It was a potion of haste.
You feel yourself speed up.
* * * LOW HITPOINT WARNING * * *
You feel sick. The worker ant bites you.
You die...

...... ...#.
... ########
#.###<.....#
#............
##.##.####.##
##...#.#
#.....#.
#.@a.#.##
#)#.##.#
.....# #
........
#...#...###
######.# ##


You could see a worker ant.

Vanquished Creatures
  Eustachio (D:4)
  2 orc wizards
  Terence (D:2)
  7 adders
  An ooze (D:2)
  A worm (D:2)
  2 dart slugs
  A giant gecko (D:2)
  3 orcs (D:3)
  2 ball pythons
  11 bats
  2 giant cockroaches
  4 goblins
  4 hobgoblins
  3 jackals (D:3)
  A quokka (D:3)
  7 giant newts
  8 kobolds
  9 rats
70 creatures vanquished.

Notes
Turn   | Place    | Note
--------------------------------------------------------------
     0 | D:1      | dorian the High Elf Skald began the quest for the Orb.
     0 | D:1      | Reached XP level 1. HP: 14/14 MP: 4/4
   356 | D:1      | Reached XP level 2. HP: 18/19 MP: 6/6
   476 | D:1      | Reached skill level 2 in Dodging
   484 | D:1      | Reached skill level 3 in Long Blades
   900 | D:2      | Reached XP level 3. HP: 24/24 MP: 7/7
  1185 | D:2      | HP: 12/24 [hobgoblin/club (4)]
  1212 | D:2      | Found an opulent altar of Gozag.
  1381 | D:2      | Reached skill level 4 in Long Blades
  1458 | D:2      | HP: 12/24 [poisoned by an adder]
  1464 | D:2      | HP: 10/24 [poisoned by an adder]
  1472 | D:2      | HP: 9/24 [poisoned by an adder]
  1688 | D:2      | Reached XP level 4. HP: 29/29 MP: 8/8
  1719 | D:2      | Noticed Terence
  1724 | D:2      | Learned a level 2 spell: Shroud of Golubria
  1740 | D:2      | Killed Terence
  2090 | D:2      | Reached skill level 3 in Dodging
  2216 | D:2      | Reached skill level 5 in Long Blades
  2216 | D:2      | Reached XP level 5. HP: 27/34 MP: 9/9
  2349 | D:3      | Reached skill level 4 in Charms
  2381 | D:3      | HP: 17/34 [giant newt (2)]
  2908 | D:3      | Found a faded altar to an unknown god.
  2987 | D:4      | Noticed Eustachio
  2996 | D:4      | HP: 14/34 [Eustachio/rapier (4)]
  2997 | D:4      | Killed Eustachio
  2997 | D:4      | Reached skill level 6 in Long Blades
  2997 | D:4      | Reached XP level 6. HP: 13/39 MP: 5/10
  2999 | D:4      | HP: 6/39 [poisoned by a worker ant]
  3002 | D:4      | Slain by a worker ant

Skill      XL: |  1  2  3  4  5 |
---------------+----------------+-----
Dodging        | 2 3 |  3.9
Long Blades    | 3 4 5 6 |  6.2
Charms         | 4 |  4.6
Fighting       | |  2.0
Armour         | |  0.8
Spellcasting   | |  2.4

Action                   |  1- 3 |  4- 6 || total
-------------------------+-------+-------++-------
Melee: Falchion          |   120 |    41 ||   161
       Lajatang          |       |    88 ||    88
 Cast: Infusion          |     4 |    10 ||    14
       Shroud of Golubri |       |     4 ||     4
  Use: Potion            |       |     2 ||     2
  Eat: Chunk             |     3 |     4 ||     7
Armor: Leather armour    |    44 |    23 ||    67
Dodge: Dodged            |    86 |   127 ||   213
